AoeStats
← 869136678

Black Forest

509022537Analyzed
3v3 RM · 5d ago on Sep 25, 2026· 53m 29s· 6 players
Game mode
Random Map
Map size
Normal (6 player)
Population
200
Speed
Normal
Resources
Standard
Victory
Conquest
Starting age
Dark Age
Ending age
Imperial Age
RankedLock teamsTeams togetherTeam positionsShared explorationLock speedFull tech treeHidden civsTurbo modeCheats
Victory
Defeat
🇲🇽 Spanish · Mexico
704
+11
🇲🇽 Bohemians · Mexico
676
+13
🇲🇽 Burgundians · Mexico
666
+13
🇦🇷 Britons · Argentina
619
-13
🇨🇳 Huns · China
601
-12
🇨🇳 Malay · China
581
-12
DiamanteX3191
11:00 Loom
12:49 Feudal Age
13:45 Double-Bit Axe
14:41 Wheelbarrow
14:13 Horse Collar
15:36 Gold Mining
19:22 Castle Age
18:32 Stone Mining
21:37 Fishing Lines
22:39 Gold Shaft Mining
23:48 Heavy Plow
24:59 Hand Cart
25:03 Bow Saw
29:52 Imperial Age
27:17 Fletching
27:29 Town Watch
28:18 Ballistics
28:40 Bodkin Arrow
29:40 Yeomen
29:24 Padded Archer Armor
30:57 Bracer
31:45 Elite Longbowman
34:05 Chemistry
34:20 Conscription
34:37 Leather Archer Armor
35:36 Fortified Wall
35:22 Murder Holes
39:07 Ring Archer Armor
41:54 Warwolf
45:12 Town Patrol
45:26 Masonry
45:22 Siege Engineers
46:20 Two-Man Saw
45:29 Treadmill Crane
46:47 Hoardings
53:39 Architecture
65358105
13:08 Feudal Age
19:37 Castle Age
22:15 Double-Bit Axe
23:01 Stone Mining
25:07 Wheelbarrow
27:37 Elite Skirmisher
28:31 Fletching
869136678
0:38 Loom
12:46 Feudal Age
18:37 Castle Age
16:46 Horse Collar
17:29 Double-Bit Axe
20:28 Wheelbarrow
33:58 Heavy Plow
36:31 Imperial Age
34:15 Murder Holes
35:48 Bow Saw
36:09 Hand Cart
36:11 Forging
36:07 Scale Barding Armor
36:05 Husbandry
36:18 Bloodlines
36:30 Masonry
36:19 Gold Mining
36:46 Town Watch
37:44 Gold Shaft Mining
38:08 Chain Barding Armor
38:24 Iron Casting
37:13 Cavalier
39:34 Two-Man Saw
40:07 Town Patrol
39:34 Paladin
41:18 Blast Furnace
40:42 Guilds
41:01 Stone Mining
42:55 Plate Barding Armor
43:48 Chemistry
45:17 Light Cavalry
46:40 Coinage
47:22 Elite Skirmisher
47:56 Fletching
51:04 Bodkin Arrow
51:09 Padded Archer Armor
XxPvtPiotrxX
12:01 Feudal Age
15:26 Loom
17:07 Wheelbarrow
20:03 Castle Age
17:51 Horse Collar
19:39 Heavy Plow
21:02 Hand Cart
21:33 Crop Rotation
22:20 Double-Bit Axe
26:19 Bow Saw
28:40 Two-Man Saw
28:31 Gold Mining
28:37 Town Watch
29:48 Gold Shaft Mining
30:44 Treadmill Crane
31:58 Stone Mining
32:49 Masonry
33:01 Ballistics
32:53 Fortified Wall
33:36 Stone Shaft Mining
33:38 Burgundian Vineyards
35:26 Husbandry
39:07 Imperial Age
36:50 Murder Holes
38:02 Scale Barding Armor
38:08 Forging
39:54 Elite Coustillier
41:07 Conscription
41:21 Chain Barding Armor
41:36 Iron Casting
42:43 Plate Barding Armor
46:37 Caravan
50:48 Iron Casting
NepeDorado
11:41 Feudal Age
12:33 Loom
24:32 Castle Age
25:58 Double-Bit Axe
27:41 Wagenburg Tactics
30:26 Masonry
30:34 Horse Collar
34:26 Fortified Wall
35:52 Ballistics
36:35 Chemistry
36:25 Heavy Plow
42:10 Imperial Age
40:53 Wheelbarrow
40:16 Town Watch
41:43 Murder Holes
41:58 Siphons
43:45 Bow Saw
43:53 Town Patrol
45:10 Houfnice
46:16 Siege Engineers
50:05 Conscription
52:03 Cavalier
52:44 Husbandry
52:04 Light Cavalry
Deltacastro
0:43 Loom
12:07 Feudal Age
17:09 Castle Age
16:14 Stone Mining
16:51 Horse Collar
22:52 Double-Bit Axe
24:20 Fletching
27:36 Padded Archer Armor
27:33 Bodkin Arrow
27:38 Padded Archer Armor
28:18 Heavy Plow
31:29 Bow Saw
31:12 Gold Mining
31:58 Stone Shaft Mining
31:41 Leather Archer Armor
34:58 Forging
34:53 Scale Barding Armor
35:25 Fortified Wall
35:36 Ballistics
35:28 Caravan
39:34 Imperial Age
37:06 Elite Skirmisher
37:53 Thumb Ring
39:01 Wheelbarrow
39:29 Iron Casting
39:14 Chain Barding Armor
40:29 Bloodlines
40:20 Husbandry
40:25 Cavalier
43:19 Two-Man Saw
43:09 Bracer
43:39 Ring Archer Armor
44:18 Paladin
46:58 Ring Archer Armor
47:30 Blast Furnace
47:05 Plate Barding Armor
47:37 Hoardings
49:12 Masonry
49:45 Hand Cart
49:17 Town Watch
51:22 Plate Barding Armor
51:14 Town Patrol
Connection lost

Rejoining the realm…

Still unreachable

The connection could not be restored.

Session expired

The server has moved on; the page needs a fresh start.